 Dungeon Crawl Stone Soup version 0.29-a0-2-g12fcac58f8 (webtiles) character file.

Game seed: 8380006679254527706

207 horus123 the Cudgeller (level 6, -4/45 (48) HPs)
             Began as a Human Monk on Jan 26, 2022.
             Was a Believer of Makhleb.
             Slain by Crazy Yiuf (14 damage)
             ... on level 2 of the Dungeon.
             The game lasted 00:04:39 (2282 turns).

horus123 the Cudgeller (Human Monk)                 Turns: 2282, Time: 00:04:39

HP:   -4/45 (48)    AC:  2    Str: 13    XL:     6   Next: 11%
MP:   6/6           EV: 13    Int: 10    God:    Makhleb [**....]
Gold: 88            SH:  0    Dex: 16    Spells: 5/5 levels left

rFire   . . .      SeeInvis .   a - +0 mace
rCold   . . .      Faith    .   (no shield)
rNeg    . . .      Spirit   .   b - +0 robe
rPois   .          Reflect  .   (no helmet)
rElec   .          Harm     .   (no cloak)
rCorr   .          Rampage  .   (no gloves)
Will    .....                   (no boots)
Stlth   ++........              (no amulet)
HPRegen 0.15/turn               (no ring)
MPRegen 0.10/turn               (no ring)

@: drained
A: no striking features
a: Renounce Religion, Minor Destruction


You were on level 2 of the Dungeon.
You worshipped Makhleb.
Makhleb was pleased with you.
You visited 1 branch of the dungeon, and saw 2 of its levels.

You collected 88 gold pieces.

Inventory:

Hand Weapons
 a - a +0 mace (weapon)
 d - a +0 scythe
Armour
 b - a +0 robe (worn)
Wands
 c - a wand of polymorph (4)
Scrolls
 f - a scroll of amnesia
 h - a scroll of fog
Potions
 g - 2 potions of cancellation {unknown}
 i - a potion of degeneration {unknown}
 j - a potion of haste


   Skills:
 - Level 4.1 Fighting
 - Level 5.5 Maces & Flails
 - Level 3.1 Dodging
 - Level 2.0 Stealth
 + Level 0.1 Invocations


You had 5 spell levels left.
You didn't know any spells.
Your spell library contained the following spells:

 Spells                   Type           Power      Damage    Failure   Level
 Dazzling Flash           Conj/Hex       0%         N/A       75%         3
 Agony                    Necr           0%         N/A       100%        5
 Silence                  Hex/Air        0%         N/A       100%        5
 Conjure Ball Lightning   Conj/Air       0%         3x3d6     100%        6
 Discord                  Hex            0%         N/A       100%        8
 Disjunction              Tloc           0%         N/A       100%        8


Dungeon Overview and Level Annotations

Branches:
Dungeon (2/15)

Altars:
Makhleb

Annotations:
D:2 Crazy Yiuf


Message History

You enter the shallow water.
Moving in this stuff is going to be slow.
There is a fountain of clear blue water here.
j - a potion of haste
Found a mace.
No target in view!
Found a mace.
Found a mace.
Found a runed translucent door.
Crazy Yiuf shouts!
Okay, then.
You open the door. You barely miss Crazy Yiuf.
Crazy Yiuf hits you with a +4 quarterstaff of chaos!
Crazy Yiuf burns you.
You hit Crazy Yiuf.
Crazy Yiuf is lightly wounded.
Crazy Yiuf hits you with a +4 quarterstaff of chaos!
You feel drained.
You sock Crazy Yiuf!
Crazy Yiuf is moderately wounded.
Crazy Yiuf hits you with a +4 quarterstaff of chaos!
You feel drained.
You feel better.
Crazy Yiuf hits you with a +4 quarterstaff of chaos!
Crazy Yiuf freezes you.
* * * LOW HITPOINT WARNING * * *
You feel better. Crazy Yiuf closely misses you.
You hit Crazy Yiuf.
Crazy Yiuf is severely wounded.
Crazy Yiuf closely misses you.
You closely miss Crazy Yiuf.
Crazy Yiuf is severely wounded.
Crazy Yiuf hits you with a +4 quarterstaff of chaos.
* * * LOW HITPOINT WARNING * * *
Crazy Yiuf burns you.
* * * LOW HITPOINT WARNING * * *
You closely miss Crazy Yiuf.
Crazy Yiuf is severely wounded.
Crazy Yiuf hits you with a +4 quarterstaff of chaos!
You die...

....#.#######
#..# ..#.#.# ##.#
..#.#.# #.#
###.#.# #.#
##...# #.#
##...#####
#######.##
...#.....# ###
###.#......#
...####..#
#...##..#.....).#
.).......#
#...g@####......#
...####..#
#)..### ##)...##
...# #### ###
###### ...# ...#
####


You could see Crazy Yiuf.

Vanquished Creatures
  Sigmund (D:2)
  An adder (D:2)
  2 dart slugs (D:1)
  2 ball pythons
  2 giant cockroaches
  4 goblins
  6 hobgoblins
  8 jackals (D:2)
  4 kobolds
  A quokka (D:2)
  4 bats
  4 frilled lizards
  5 rats
44 creatures vanquished.

Notes
Turn   | Place    | Note
-------+----------+-------------------------------------------
     0 | D:1      | horus123 the Human Monk began the quest for the Orb.
     0 | D:1      | Reached XP level 1. HP: 18/18 MP: 1/1
   151 | D:1      | Reached XP level 2. HP: 15/24 MP: 2/2
   696 | D:1      | Reached XP level 3. HP: 24/30 MP: 3/3
   888 | D:1      | Found a faded altar of an unknown god.
  1664 | D:2      | Reached XP level 4. HP: 33/37 MP: 4/4
  2015 | D:2      | Noticed Sigmund
  2037 | D:2      | Killed Sigmund
  2038 | D:2      | Reached skill level 5 in Maces & Flails
  2038 | D:2      | Reached XP level 5. HP: 42/42 MP: 5/5
  2038 | D:2      | Reached XP level 6. HP: 48/48 MP: 6/6
  2101 | D:2      | Found a burning altar of Makhleb.
  2116 | D:2      | Became a worshipper of Makhleb the Destroyer
  2116 | D:2      | Reached * piety under Makhleb
  2116 | D:2      | Reached ** piety under Makhleb
  2270 | D:2      | Found a runed translucent door.
  2271 | D:2      | Noticed Crazy Yiuf
  2282 | D:2      | Slain by Crazy Yiuf

Illustrated notes

Levels and vault maps discovered:
D:1:      scummos_arrival_forest, layout_rooms, ebering_ecumenical_altar_rust,
          hex_tiny, minmay_tromino_i4
D:2:      layout_rooms, basic_altar, fountainhead,
          hangedman_decor_clover_reticule, uniq_crazy_yiuf_cottage, uniq_sigmund

Skill      XL: |  1  2  3  4 |
---------------+-------------+-----
Fighting       | 4 |  4.1
Maces & Flails | 5 |  5.5
Dodging        | |  3.1
Stealth        | |  2.0
Invocations    | |  0.1

Action                   |  1- 3 |  4- 6 || total
-------------------------+-------+-------++-------
Melee: Mace              |   131 |    33 ||   164
       Punch             |     1 |       ||     1
  Use: Scroll            |     2 |       ||     2
       Potion            |       |     6 ||     6
 Stab: Sleeping          |     4 |     2 ||     6
Armor: Robe              |    14 |     3 ||    17
Dodge: Dodged            |   123 |    16 ||   139

Table legend: (Time is in decaauts)
 A = Elapsed time spent in this place.
 B = Non-inter-level travel time spent in this place.
 C = Inter-level travel time spent in this place.
 D = Time resting spent in this place.
 E = Time spent auto-exploring this place.
 F = Levels seen in this place.
 G = Mean time per level.
                   A        B        C        D        E       F      G
               +--------+--------+--------+--------+--------+-----+--------+
         Total |   2319 |   2305 |     14 |    940 |    861 |   2 | 1159.5 |
       Dungeon |   2319 |   2305 |     14 |    940 |    861 |   2 | 1159.5 |
               +--------+--------+--------+--------+--------+-----+--------+

Top non-repeatable levels by time:
     D:2: 1170 daAuts
     D:1: 1149 daAuts
